 Dungeon Crawl Stone Soup version 0.18.1-48-g4cf74bf (webtiles) character file.

1596 GameOver the Covert (level 8, -2/62 HPs)
             Began as a Naga Conjurer on Sept 9, 2016.
             Was a Follower of Okawaru.
             Killed from afar by an electric eel (15 damage)
             ... with a bolt of electricity
             ... on level 7 of the Dungeon.
             The game lasted 00:39:52 (5557 turns).

GameOver the Covert (Naga Conjurer)                 Turns: 5557, Time: 00:39:54

Health: -2/62      AC:  5    Str: 10    XL:     8   Next: 93%
Magic:  11/11      EV:  9    Int: 19    God:    Okawaru [*.....]
Gold:   329        SH:  0    Dex: 11    Spells: 4 memorised, 0 levels left

rFire  . . .     SeeInvis +     D - +2 rapier (venom)
rCold  . . .     Gourm    .     j - +0 leather armour
rNeg   . . .     Faith    .     (no shield)
rPois  +         Spirit   .     k - +0 hat
rElec  .         Dismiss  .     (no cloak)
rCorr  .         Reflect  .     A - +0 pair of gloves of Rilur {rPois Stlth+}
SustAt .         Harm     .     (no barding)
MR     +....                    x - amulet of rage
Stlth  ++++++....               (no ring)
                                y - +2 ring of slaying

@: very slow, somewhat resistant to hostile enchantments, very stealthy
A: see invisible, deformed body, poison resistance, slowness 2, slow metabolism
1, spit poison 2, AC +2
a: Spit Poison, Heroism, Renounce Religion, Evoke Berserk Rage


You were on level 7 of the Dungeon.
You worshipped Okawaru.
Okawaru was aware of your devotion.
You were hungry.

You visited 2 branches of the dungeon, and saw 8 of its levels.

You collected 329 gold pieces.

Inventory:

Hand Weapons
 s - a +0 war axe
 w - a +0 dagger
 D - a +2 rapier of venom (weapon)
Missiles
 a - a throwing net (quivered)
Armour
 j - a +0 leather armour (worn)
 k - a +0 hat (worn)
 r - a +1 buckler
 A - the +0 pair of gloves of Rilur (worn) {rPois Stlth+}
   (You found it on level 5 of the Dungeon)

   It protects you from poison.
   It makes you more stealthy.
 B - a +0 shield
Jewellery
 x - an amulet of rage (around neck)
 y - a +2 ring of slaying (left hand)
Wands
 i - a wand of disintegration (17/24)
 u - a wand of paralysis (6/24)
 v - a wand of flame (23/48)
 E - a wand of confusion (16/48)
Scrolls
 d - a scroll of enchant armour
 f - 3 scrolls of teleportation
 h - a scroll of recharging
 o - 2 scrolls of enchant weapon {unknown}
 C - a scroll of fear {unknown}
 F - a scroll of noise {unknown}
 H - a scroll of amnesia {unknown}
 K - a scroll of identify
Potions
 e - a potion of haste
 g - a potion of curing
 l - 2 potions of experience
 n - a potion of cure mutation {unknown}
 p - a potion of lignification
 q - 2 potions of magic
 t - a potion of ambrosia {unknown}
 z - 2 potions of invisibility
Books
 b - a book of Conjurations

   Spells                             Type                      Level
   a - Magic Dart                     Conjuration                  1
   b - Searing Ray                    Conjuration                  2
   c - Dazzling Spray                 Conjuration/Hexes            3
   d - Fulminant Prism                Conjuration/Hexes            4
   e - Iskenderun's Mystic Blast      Conjuration                  4
   f - Iskenderun's Battlesphere      Conjuration/Charms           5
 J - a book of Spatial Translocations

   Spells                             Type                      Level
   a - Apportation                    Translocation                1
   b - Blink                          Translocation                2
   c - Shroud of Golubria             Charms/Translocation         2
   d - Portal Projectile              Translocation                3
   e - Teleport Other                 Translocation                3
   f - Passage of Golubria            Translocation                4
Comestibles
 c - 7 bread rations
 m - 3 meat rations
 G - a royal jelly
 I - a fruit


   Skills:
 + Level 1.6 Armour
 - Level 1.5 Dodging
 + Level 10.0 Stealth
 - Level 2.0 Spellcasting
 * Level 8.8 Conjurations
 + Level 3.5 Hexes


You couldn't memorise any spells.
You knew the following spells:

 Your Spells              Type           Power        Failure   Level  Hunger
a - Magic Dart            Conj           ####         1%          1    #......
b - Dazzling Spray        Conj/Hex       ####..       6%          3    ###....
c - Iskenderun's Battles  Conj/Chrm      ###.....     93%         5    ######.
s - Searing Ray           Conj           #####.       1%          2    ###....


Dungeon Overview and Level Annotations

Branches:
Dungeon (7/15)             Temple (1/1) D:6

Altars:
Ashenzari
Cheibriados
Elyvilon
Fedhas
Gozag
Kikubaaqudgha
Makhleb
Nemelex Xobeh
Okawaru
Pakellas
Qazlal
Ru
Sif Muna
Trog
Vehumet
Xom
Yredelemnul
The Shining One

Annotations:
D:5 Nukog's ghost, novice OgHu


Innate Abilities, Weirdness & Mutations

You cannot wear boots.
Your serpentine skin is tough (AC +2).
You have supernaturally acute eyesight.
Armour fits poorly on your strangely shaped body.
Your system is resistant to poisons.
You cover ground very slowly.
You have a slow metabolism.
You can spit poison.


Message History

Casting: Magic Dart
Confirm with . or Enter, or press ? or * to list all spells.
You can't see any susceptible monsters within range! (Use Z to cast anyway.) Unknown command.
What do you say? t - Shout!
Orders for allies: a - Attack new target. r - Retreat! s - Stop attacking. w - Wait here. f - Follow me.
Anything else - Stay silent.
You shout for attention!
Eat which item? (? for menu, Esc to quit)
Okay, then.
The electric eel shoots out a bolt of lightning at you!
The bolt of electricity hits you! x2
The electric eel shoots out a bolt of lightning at you!
The bolt of electricity hits you!
* * * LOW HITPOINT WARNING * * *
The bolt of electricity hits you!
You die...

#.# #.......# ##.....## ####...
#.# #.......# ##.......###......
#.###.......####.........##......
...............'.........'.......
...#####....#.##.........##......
##..# ≈≈.≈#.#.###.......###......
####.≈≈≈≈≈≈≈.###.......## #......
.# ≈≈≈≈≈≈≈≈≈≈##.##...## #(.####
.# ≈≈.$(≈≈≈≈≈#@###'## ####... #.
≈;..#.≈;≈≈.## #.# #.}. #≈≈;
≈≈.≈#≈≈≈≈≈## #.# #.). ≈≈≈≈
≈≈.≈≈≈≈≈≈≈≈###.## ##)# ≈≈≈≈
$..#≈≈≈≈≈≈##...########..#
.≈≈≈≈≈≈.<.≈≈≈≈≈#...............##
≈#≈≈≈≈≈(..≈≈≈≈≈≈≈.....#........#
≈≈≈≈≈≈#≈.≈≈≈≈≈≈≈≈.##.##........#
#≈≈≈≈≈≈≈⌠.≈≈≈≈≈;..##...........#


You could see an electric eel.

Vanquished Creatures
  An ice beast (D:6)
  5 ogres
  A necrophage (D:6)
  A centaur (D:5)
  3 killer bees (D:7)
  A howler monkey (D:4)
  3 electric eels (D:7)
  A crimson imp (D:5)
  A giant frog zombie (D:5)
  A centaur zombie (D:6)
  2 hounds
  An orc priest (D:7)
  2 orc wizards (D:7)
  A giant frog skeleton (D:5)
  Jessica (D:2)
  Natasha (twice) (D:3)
  3 worker ants
  A hound zombie (D:5)
  A worker ant zombie (D:5)
  9 adders
  An ooze (D:4)
  3 worms
  5 dart slugs (D:7)
  3 giant geckos (D:1)
  16 orcs
  5 bats
  2 giant cockroaches
  6 goblins
  11 hobgoblins
  2 jackals (D:3)
  9 kobolds
  A quokka (D:5)
  A ball python (D:2)
  A ball python skeleton (D:4)
  4 giant newts
  5 rats
116 creatures vanquished.

Notes
Turn   | Place    | Note
--------------------------------------------------------------
     0 | D:1      | GameOver the Naga Conjurer began the quest for the Orb.
     0 | D:1      | Reached XP level 1. HP: 15/15 MP: 3/3
   118 | D:1      | Reached XP level 2. HP: 22/22 MP: 0/5
   122 | D:1      | Learned a level 2 spell: Searing Ray
   148 | D:1      | Found a snail-covered altar of Cheibriados.
   611 | D:2      | Reached skill level 4 in Stealth
   638 | D:2      | Reached XP level 3. HP: 19/28 MP: 6/6
   753 | D:2      | Noticed Jessica
   757 | D:2      | Killed Jessica
   757 | D:2      | Reached skill level 5 in Stealth
   757 | D:2      | Reached XP level 4. HP: 19/36 MP: 7/7
  1088 | D:2      | Found a faded altar to an unknown god.
  1263 | D:3      | Reached skill level 5 in Conjurations
  1269 | D:3      | Learned a level 3 spell: Dazzling Spray
  1313 | D:3      | Noticed Natasha
  1318 | D:3      | Killed Natasha
  1318 | D:3      | Reached skill level 6 in Stealth
  1318 | D:3      | Reached XP level 5. HP: 31/42 MP: 2/8
  1419 | D:3      | Found a burning altar of Makhleb.
  1419 | D:3      | Noticed an Executioner
  1422 | D:3      | Noticed an orange demon
  1422 | D:3      | Noticed a smoke demon
  1610 | D:3      | Noticed Natasha
  1615 | D:3      | Killed Natasha
  1755 | D:3      | Reached skill level 7 in Stealth
  1979 | D:4      | Noticed an ogre
  2117 | D:4      | Reached XP level 6. HP: 49/49 MP: 7/9
  2538 | D:4      | Reached skill level 8 in Stealth
  2538 | D:4      | Reached XP level 7. HP: 55/55 MP: 6/10
  2720 | D:5      | Entered Level 5 of the Dungeon
  2865 | D:5      | Noticed Nukog's ghost (novice OgHu)
  2943 | D:5      | Found a shimmering altar of Xom.
  3007 | D:5      | Got a pair of heavily runed gloves
  3013 | D:5      | Identified the +0 pair of gloves of Rilur {rPois Stlth+} (You found it on level 5 of the Dungeon)
  3146 | D:5      | Reached skill level 1 in Hexes
  3202 | D:5      | Found a stormy altar of Qazlal.
  3202 | D:5      | Found a basalt altar of Yredelemnul.
  3204 | D:5      | Found a deep blue altar of Sif Muna.
  3205 | D:5      | Found a sacrificial altar of Ru.
  3205 | D:5      | Found a bloodstained altar of Trog.
  3452 | D:6      | Found a staircase to the Ecumenical Temple.
  3461 | Temple   | Entered the Ecumenical Temple
  3476 | Temple   | Became a worshipper of Warmaster Okawaru
  3959 | D:6      | Reached skill level 9 in Stealth
  3959 | D:6      | Reached XP level 8. HP: 62/62 MP: 6/11
  4092 | D:6      | Learned a level 5 spell: Iskenderun's Battlesphere
  4640 | D:7      | Reached * piety under Okawaru
  4826 | D:7      | Reached skill level 1 in Armour
  5387 | D:7      | Reached skill level 10 in Stealth
  5557 | D:7      | Killed from afar by an electric eel

Skill      XL: |  1  2  3  4  5  6  7  8 |
---------------+-------------------------+-----
Stealth        | 4 5 6 7 8 9 10 | 10.0
Conjurations   | 5 6 7 8 |  8.8
Hexes          | 1 3 |  3.5
Armour         | 1 |  1.6
Dodging        | |  1.5
Spellcasting   | |  2.0

Action                   |  1- 3 |  4- 6 |  7- 9 || total
-------------------------+-------+-------+-------++-------
Melee: Hand axe          |     1 |       |       ||     1
       Dagger            |     5 |    11 |     6 ||    22
       War axe           |       |    30 |       ||    30
       Rapier            |       |       |    18 ||    18
Throw: Throwing net      |       |     1 |       ||     1
 Cast: Magic Dart        |    16 |    54 |    34 ||   104
       Searing Ray       |       |     7 |    21 ||    28
Invok: Heroism           |       |       |     1 ||     1
 Abil: Spit Poison       |    14 |    33 |    26 ||    73
Evoke: Wand              |       |       |     5 ||     5
  Use: Scroll            |       |     7 |     7 ||    14
       Potion            |       |       |     2 ||     2
 Stab: Sleeping          |     2 |     8 |     7 ||    17
  Eat: Chunk             |       |     8 |    10 ||    18
       Pizza             |       |       |     1 ||     1
Armor: Leather armour    |       |    16 |    16 ||    32
Dodge: Dodged            |     4 |    22 |    50 ||    76
